AoeStats
← Kelvin.Xu

Arabia

509836894Analyzed
3v3 RM · 3d ago on Sep 28, 2026· 52m 52s· 6 players
Game mode
Random Map
Map size
Normal (6 player)
Population
200
Speed
Normal
Resources
Standard
Victory
Conquest
Starting age
Dark Age
Ending age
Imperial Age
RankedLock teamsTeams togetherTeam positionsShared explorationLock speedFull tech treeHidden civsTurbo modeCheats
Victory
Defeat
🇨🇳 Romans · China
781
+15
🇺🇸 Vikings · United States
757
+16
🇨🇳 Tatars · China
692
+18
🇫🇷 Burgundians · France
793
-38
🇧🇷 Franks · Brazil
733
-16
🇮🇩 Japanese · Indonesia
712
-15
李世民
10:42 Feudal Age
11:25 Double-Bit Axe
11:20 Horse Collar
18:23 Castle Age
16:52 Stone Mining
17:04 Gold Mining
19:46 Heavy Plow
19:58 Bow Saw
25:36 Forging
25:26 Scale Mail Armor
25:56 Caravan
26:34 Man-at-Arms
27:15 Squires
28:09 Long Swordsman
32:08 Imperial Age
29:43 Padded Archer Armor
29:36 Fletching
29:53 Loom
30:43 Wheelbarrow
29:53 Town Watch
30:56 Bodkin Arrow
30:53 Pikeman
33:11 Hand Cart
32:56 Town Patrol
34:22 Crop Rotation
34:02 Halberdier
35:27 Gold Shaft Mining
35:59 Iron Casting
35:14 Legionary
39:07 Blast Furnace
38:23 Chain Mail Armor
38:13 Heavy Scorpion
40:32 Conscription
41:08 Ballistas
42:25 Ballistics
42:11 Siege Engineers
44:26 Scale Barding Armor
44:21 Padded Archer Armor
45:24 Coinage
46:38 Chemistry
45:49 Masonry
46:50 Comitatenses
45:58 Elite Centurion
46:06 Elite Centurion
Kelvin.Xu
11:17 Feudal Age
12:00 Double-Bit Axe
11:56 Horse Collar
21:08 Castle Age
23:10 Elite Skirmisher
30:33 Imperial Age
30:46 Heavy Plow
30:59 Bow Saw
32:50 Chemistry
32:13 Bogsveigar
31:38 Crossbowman
33:44 Crop Rotation
35:03 Cavalier
35:36 Gold Mining
36:57 Forging
36:48 Scale Mail Armor
36:53 Scale Barding Armor
37:14 Scale Barding Armor
42:53 Two-Man Saw
43:31 Chieftains
43:00 Arbalester
44:40 Chain Barding Armor
44:56 Iron Casting
44:36 Chain Mail Armor
44:11 Fletching
44:22 Padded Archer Armor
44:51 Caravan
45:21 Coinage
46:38 Squires
50:41 Blast Furnace
49:56 Chain Mail Armor
49:42 Padded Archer Armor
49:37 Bodkin Arrow
50:17 Elite Varangian Guard
菜鸟驿站
4:11 Loom
14:03 Feudal Age
19:03 Castle Age
24:49 Pikeman
bodo kucing
0:30 Loom
11:09 Feudal Age
12:30 Wheelbarrow
12:02 Double-Bit Axe
17:42 Town Watch
20:24 Castle Age
19:29 Gold Mining
19:30 Stone Mining
19:30 Horse Collar
22:23 Pikeman
30:14 Hand Cart
35:13 Imperial Age
37:27 Conscription
39:03 Forging
38:53 Scale Mail Armor
40:25 Cavalier
43:47 Chemistry
43:08 Ballistics
44:03 Cavalier
fernandofrancopaula
1:07 Loom
13:52 Feudal Age
15:50 Double-Bit Axe
15:59 Gold Mining
16:23 Arson
17:53 Padded Archer Armor
17:46 Fletching
23:38 Castle Age
23:53 Scale Barding Armor
24:01 Stone Mining
25:05 Pikeman
25:45 Squires
26:07 Husbandry
30:01 Chain Barding Armor
29:58 Leather Archer Armor
34:35 Imperial Age
33:21 Gold Shaft Mining
33:16 Scale Mail Armor
34:07 Ordonnance Companies
35:09 Squires
36:24 Conscription
39:51 Elite Throwing Axeman
41:24 Hoardings
41:12 Cavalier
46:20 Onager
leo
27:19 Feudal Age
29:24 Man-at-Arms
30:11 Arson
44:38 Town Watch
45:30 Wheelbarrow
44:45 Loom
Connection lost

Rejoining the realm…

Still unreachable

The connection could not be restored.

Session expired

The server has moved on; the page needs a fresh start.